 Dungeon Crawl Stone Soup version 0.30-a0-986-g7f2e898f52 (webtiles) character file.

Game seed: 2543953776659039736

2456 Firecrotchwizard the Magician (level 9, -5/67 HPs)
             Began as a Djinni Conjurer on Apr 1, 2023.
             Was an Initiate of Ashenzari.
             Slain by a wyvern (7 damage)
             ... on level 8 of the Dungeon.
             The game lasted 00:23:16 (7124 turns).

Firecrotchwizard the Magician (Djinni Conjurer)     Turns: 7124, Time: 00:23:17

Health: -5/67      AC:  5    Str:  8    XL:     9   Next: 79%
Gold:   357        EV: 15    Int: 22    God:    Ashenzari [......] SH:  0 Dex: 18

rFire   + + .      SeeInvis .    t - +1 dagger (venom)
rCold   x . .      Faith    .    (no shield)
rNeg    . . .      Spirit   .    a - +0 robe
rPois   ∞          Reflect  .    n - +0 helmet
rElec   .          Rampage  .    j - +0 cloak
rCorr   .                        u - +0 pair of gloves
Will    .....                    (boots unavailable)
Stlth   ++                       (no amulet)
HPRegen 0.31/turn                s - +6 ring of dexterity
MPRegen 0.00/turn                (no ring)

@: flying
A: sickness immunity, fire resistance 2, cold vulnerability 1, float, innate
caster, HP casting, extra vitality 1
a: Renounce Religion, Curse Item


You were on level 8 of the Dungeon.
You worshipped Ashenzari.
Ashenzari was noncommittal.
You visited 2 branches of the dungeon, and saw 9 of its levels.

You collected 357 gold pieces.

Inventory:

Hand Weapons
 h - a +0 spear of chaos
 t - a +1 dagger of venom (weapon)
 x - a +5 heavy trident
Missiles
 p - a throwing net {!f}
 D - a curare-tipped dart
Armour
 a - a +0 robe (worn)
 j - a +0 cloak (worn)
 m - a +2 buckler
 n - a +0 helmet (worn)
 u - a +0 pair of gloves (worn)
Magical Staves
 C - a staff of death
Jewellery
 e - a ring of ice
 s - a +6 ring of dexterity (left hand)
Wands
 l - a wand of roots (2)
Scrolls
 b - a scroll of noise {!r}
 f - 2 scrolls of amnesia
 g - 2 scrolls of poison
 i - 6 scrolls of identify {@r1}
 r - a scroll of blinking
 v - a scroll of enchant armour {unknown}
 E - a scroll of magic mapping
Potions
 c - 2 potions of lignification {unknown}
 d - 2 potions of resistance {unknown}
 k - a potion of magic {unknown}
 o - a potion of flight
 q - 5 potions of curing {@q1}
 w - a potion of berserk rage {unknown}
 z - 2 potions of cancellation {unknown}
 A - a potion of degeneration {unknown}
 B - a potion of brilliance {unknown}
 F - a potion of ambrosia {unknown}


   Skills:
 * Level 6.8 Fighting
 + Level 5.8 Dodging
 - Level 3.0 Stealth
 + Level 3.5 Shields
 * Level 6.8 Spellcasting


You knew the following spells:

 Your Spells              Type           Power      Damage    Failure   Level
a - Magic Dart            Conj           100%       1d8       1%          1
b - Dazzling Flash        Conj/Hex       74%        N/A       1%          3
c - Apportation           Tloc           74%        N/A       1%          1
d - Blink                 Tloc           74%        N/A       1%          2
e - Ignite Poison         Fire/Tmut/Pois 37%        N/A       1%          3
f - Cause Fear            Hex            18%        N/A       4%          4
s - Searing Ray           Conj           74%        2d7       1%          2
x - Iskenderun's Mystic   Conj/Tloc      37%        2d9       4%          4
z - Fulminant Prism       Conj/Hex       18%        3d11      4%          4
Your spell library was empty.

Dungeon Overview and Level Annotations

Branches:
Dungeon (8/15)             Temple (1/1) D:6
   Lair: D:8-11

Altars:
Ashenzari
Cheibriados
Dithmenos
Fedhas
Makhleb
Qazlal
Uskayaw
Wu Jian
Xom
Zin
The Shining One

Shops:
D:3 [

Annotations:
D:5 Grinder, Sigmund
D:6 1 runed translucent door


Innate Abilities, Weirdness & Mutations

You are immune to sickness and miasma.
You are immune to poison.
Your flesh is very heat resistant. (rF++)
You are vulnerable to cold. (rC-)
You float through the air rather than walking.
You learn spells naturally, not from books.
Your magical power is your life essence.
You have superior vitality. (+4 MHP)


Message History

The wyvern closely misses you. x2
You take 3 damage, and have 21/67 hp.
The orc wizard attacks as you move away!
The orc wizard hits you with a +2 dagger of pain.
* * * LOW HITPOINT WARNING * * *
You writhe in agony.
* * * LOW HITPOINT WARNING * * *
Your fulminant prism crackles loudly.
You take 5 damage, and have 16/67 hp.
Your fulminant prism explodes!
The blast of energy engulfs the deep elf pyromancer.
The deep elf pyromancer is almost dead.
The blast of energy engulfs the wyvern!!
The wyvern is heavily wounded.
The blast of energy engulfs the orc wizard!!
You kill the orc wizard!
The wyvern bites you!
* * * LOW HITPOINT WARNING * * *
You hear a shout!
There is a stone staircase leading up here.
You take 13 damage, and have 3/67 hp.
Casting: Fulminant Prism (dangerous; 4% risk of failure)
Confirm with . or Enter, or press ? or * to list all spells.
Okay, then.
Casting: Fulminant Prism (dangerous; 4% risk of failure)
Confirm with . or Enter, or press ? or * to list all spells.
Aiming: Searing Ray (safe; 1% risk of failure)
Press: ? - help, Shift-Dir - straight line, f - deep elf pyromancer
Aim: a deep elf pyromancer, wielding a +0 rapier and wearing a +0 chain mail (almost dead, 78% to hit)
The searing ray hits the wyvern.
The wyvern is severely wounded.
The searing ray hits the deep elf pyromancer.
The deep elf pyromancer is almost dead. (Press . to maintain the ray.)
* * * LOW HITPOINT WARNING * * *
The wyvern closely misses you.
You take 2 damage, and have 1/67 hp.
Without enough magic to sustain it, your searing ray dissipates.
The wyvern closely misses you. The wyvern bites you!
You die...

### ###.#
###...#
###...8.#
###)......#
#@le......'...+
###.......#...#
###...8.#...#
###...# ..#
###.# ..# ###
># ##


You could see a deep elf pyromancer and a wyvern.

Vanquished Creatures
  A water moccasin (D:7)
  3 black bears
  An ogre (D:4)
  A phantom (D:4)
  A kobold brigand (D:7)
  Blork the orc (D:5)
  2 bullfrogs
  A gnoll sergeant (D:5)
  3 scorpions
  3 wights (D:6)
  2 howler monkeys (D:7)
  5 hounds
  2 jellies (D:5)
  2 orc priests
  2 sleepcaps
  5 iguanas
  Natasha (thrice) (D:3)
  7 orc wizards
  A mummy (D:5)
  Robin (D:2)
  19 gnolls
  6 adders
  A shadow imp (D:5)
  An ufetubus (D:6)
  A worm (D:2)
  4 dart slugs
  17 orcs
  6 bats
  5 endoplasms
  3 giant cockroaches
  5 hobgoblins
  11 jackals
  7 kobolds
  3 quokkas
  7 ball pythons
  7 frilled lizards
  16 goblins
  4 rats
170 creatures vanquished.

Vanquished Creatures (collateral kills)
  A phantom (D:4)
  An orc (D:4)
  A kobold (D:4)
3 creatures vanquished.

Vanquished Creatures (others)
  18 fulminant prisms
  6 fungi (D:3)
  3 plants (D:3)
27 creatures vanquished.

Grand Total: 200 creatures vanquished

Notes
Turn   | Place    | Note
-------+----------+-------------------------------------------
     0 | D:1      | Firecrotchwizard the Djinni Conjurer began the quest for
                  | the Orb.
     0 | D:1      | Firecrotchwizard set off with the following spells
                  | memorised: Magic Dart, Searing Ray, Dazzling Flash,
                  | Fulminant Prism, Iskenderun's Mystic Blast.
     0 | D:1      | Reached XP level 1. HP: 15/15 MP: 0/0
    69 | D:1      | Reached XP level 2. HP: 7/21 MP: 0/0
   477 | D:1      | Reached XP level 3. HP: 23/25 MP: 0/0
   477 | D:1      | Learned a level 1 spell: Apportation
   973 | D:2      | Reached XP level 4. HP: 29/31 MP: 0/0
  1083 | D:2      | Noticed Robin
  1094 | D:2      | Killed Robin
  1386 | D:2      | Reached skill level 1 in Fighting
  1401 | D:2      | Reached XP level 5. HP: 35/37 MP: 0/0
  1401 | D:2      | Learned a level 2 spell: Blink
  1771 | D:3      | Noticed Natasha
  1774 | D:3      | Killed Natasha
  1777 | D:3      | Noticed Natasha
  1782 | D:3      | Killed Natasha
  1852 | D:3      | Reached XP level 6. HP: 34/43 MP: 0/0
  1967 | D:3      | Noticed Natasha
  1972 | D:3      | Killed Natasha
  2094 | D:3      | Found a faded altar of an unknown god.
  2185 | D:3      | Found Mytedyu's Antique Armour Emporium.
  2652 | D:4      | Noticed an ogre
  2658 | D:4      | Killed an ogre
  2659 | D:4      | Reached skill level 5 in Spellcasting
  2659 | D:4      | Reached XP level 7. HP: 41/50 MP: 0/0
  2659 | D:4      | Learned a level 3 spell: Ignite Poison
  2931 | D:4      | Reached XP level 8. HP: 12/58 MP: 0/0
  3362 | D:4      | Found a shimmering altar of Xom.
  3776 | D:5      | Entered Level 5 of the Dungeon
  3801 | D:5      | Found a hide-covered altar of Uskayaw.
  3866 | D:5      | Found a snail-covered altar of Cheibriados.
  3981 | D:5      | Reached skill level 1 in Shields
  4211 | D:5      | Noticed Sigmund
  4401 | D:5      | Noticed Grinder
  4538 | D:5      | Reached skill level 5 in Fighting
  4775 | D:5      | Noticed Blork the orc
  4780 | D:5      | Killed Blork the orc
  5107 | D:6      | Found a staircase to the Ecumenical Temple.
  5219 | Temple   | Entered the Ecumenical Temple
  5224 | Temple   | Became a worshipper of Ashenzari the Shackled
  5249 | D:6      | Reached XP level 9. HP: 53/65 MP: 0/0
  5249 | D:6      | Learned a level 4 spell: Cause Fear
  5299 | D:6      | Reached skill level 5 in Dodging
  6083 | D:6      | Found a runed translucent door.
  6942 | D:7      | Found a glowing silver altar of Zin.
  6949 | D:7      | Found a blossoming altar of Fedhas.
  6951 | D:7      | Found a stormy altar of Qazlal.
  6953 | D:7      | Found a faded altar of an unknown god.
  7110 | D:8      | Noticed a deep elf pyromancer
  7122 | D:8      | HP: 3/67 [wyvern (13)]
  7124 | D:8      | Slain by a wyvern

Illustrated notes

Levels and vault maps discovered:
D:1:      lightli_arrival_isolated_outpost, layout_basic
D:2:      layout_rooms, kennysheep_minor_cross, corexii_corridor_pit, uniq_robin
D:3:      layout_loops_ring, dreamdust_ecumenical_altar_hidden_monk_grotto,
          serial_shops, shop_statue, uniq_natasha
D:4:      layout_basic, tgw_xom, minmay_bisected
D:5:      layout_basic, slow_altar_1, nicolae_uskayaw_dance_hall, uniq_sigmund,
          uniq_grinder, uniq_blork_the_orc
D:6:      layout_basic, mainiacjoe_overflow_brackets,
          minmay_temple_entry_purple_smoke, lightli_church_of_beogh
D:7:      layout_rooms, chequers_temple_overflow_minitemple, minivault_19
D:8:      minmay_diamond_stairs, layout_loops_cross
Temple:   nicolae_temple_bog_church

Skill      XL: |  1  2  3  4  5  6  7  8  9 |
---------------+----------------------------+-----
Spellcasting   | 4 5 6 |  6.8
Fighting       | 1 2 3 4 5 6 |  6.8
Stealth        | 2 3 |  3.0
Dodging        | 3 4 5 |  5.8
Shields        | 2 3 |  3.5

Action                     |  1- 3 |  4- 6 |  7- 9 || total
---------------------------+-------+-------+-------++-------
   Cast: Magic Dart        |    50 |    95 |   200 ||   345
         Searing Ray       |       |     6 |    31 ||    37
         Blink             |       |     1 |     1 ||     2
         Fulminant Prism   |       |     2 |    16 ||    18
         Dazzling Flash    |       |     1 |     1 ||     2
    Use: Scroll            |       |    11 |     1 ||    12
 Armour: Robe              |     2 |     2 |    11 ||    15
  Dodge: Dodged            |     3 |     5 |    38 ||    46

Table legend: (Time is in decaauts)
 A = Elapsed time spent in this place.
 B = Non-inter-level travel time spent in this place.
 C = Inter-level travel time spent in this place.
 D = Time resting spent in this place.
 E = Time spent auto-exploring this place.
 F = Levels seen in this place.
 G = Mean time per level.
                   A        B        C        D        E       F      G
               +--------+--------+--------+--------+--------+-----+--------+
         Total |   7122 |   6803 |    319 |   1295 |   4541 |   9 |  791.3 |
       Dungeon |   7111 |   6797 |    314 |   1295 |   4541 |   8 |  888.9 |
        Temple |     10 |      5 |      5 |      0 |      0 |   1 |   10.0 |
               +--------+--------+--------+--------+--------+-----+--------+

Top non-repeatable levels by time:
     D:6: 1482 daAuts
     D:5: 1311 daAuts
     D:4: 1140 daAuts
     D:1: 1041 daAuts
     D:3: 911 daAuts
     D:2: 682 daAuts
     D:7: 517 daAuts
     D:8: 25 daAuts
  Temple: 10 daAuts
